Map: Kairos Junction LE

Players

Lambo

  • Race: Zerg Zerg
  • Spawn Location: 5:00

Elazer - Winner!

  • Race: Zerg Zerg
  • Spawn Location: 11:00

Event: 2019 WCS Winter Europe

VOD

Have the link to the VOD?

Description

Time

  • Played on: April 7, 2019, 10:41 a.m.
  • Length: 7:17

All games in this series

Show
View Real Time Build Order
Export as new Build Order

Lambo Zerg 

Build Orders: Hatch First 

Get SALT Encoding   

  12  0:00  Drone  
  13  0:12  Overlord  
  13  0:17  Drone  
  14  0:30  Drone x2  
  16  0:47  Hatchery  
  15  0:50  Drone  
  15  0:54  Drone  
  17  1:07  Spawning Pool  
  16  1:11  Drone  
  16  1:14  Drone  
  16  1:17  Extractor  
  17  1:19  Drone  
  18  1:27  Drone  
  19  1:43  Drone  
  20  1:50  Overlord  
  20  1:54  Queen  
  20  1:59  Queen  
  24  2:03  Drone x2  
  26  2:10  Drone x2  
  28  2:21  Drone x2  
  30  2:32  Lair  
  30  2:33  Drone x2  
  30  2:35  Queen  
  34  2:40  Evolution Chamber  
  33  2:46  Drone, Overlord  
  33  2:51  Roach Warren  
  33  2:53  Drone  
  34  3:01  Drone  
  34  3:02  Drone  
  36  3:06  Drone x4  
  36  3:11  Drone  
  41  3:17  Overlord  
  41  3:18  Drone x2  
  41  3:19  Drone  
  44  3:24  Zerg Missile Weapons Level 1  
  44  3:27  Extractor x2  
  44  3:31  Drone  
  44  3:32  Drone, Glial Reconstitution  
  44  3:37  Drone  
  44  3:39  Drone  
  46  3:46  Drone x2  
  46  3:47  Drone  
  49  3:52  Drone  
  49  3:53  Roach  
  52  3:57  Overlord  
  52  4:10  Overlord  
  52  4:14  Evolution Chamber, Hatchery  
  52  4:15  Overseer  
  52  4:16  Extractor  
  49  4:18  Roach x4  
  49  4:20  Drone x2  
  49  4:22  Drone  
  60  4:29  Roach  
  60  4:30  Evolution Chamber, Roach  
  63  4:33  Roach x2  
  64  4:42  Roach x2, Roach Warren  
  64  4:43  Roach  
  68  4:50  Spire  
  68  4:51  Drone  
  68  4:55  Overlord  
  69  5:00  Overlord  
  69  5:03  Evolution Chamber  
  69  5:05  Overlord  
  68  5:13  Queen  
  70  5:15  Drone x3  
  70  5:20  Zerg Ground Armor Level 1  
  74  5:22  Roach x3  
  74  5:25  Drone  
  81  5:39  Hatchery  
  81  5:42  Drone x2  
  82  5:44  Roach  
  82  5:47  Overlord  
  84  5:50  Overlord  
  84  5:53  Overlord  
  84  5:57  Overlord  
  85  5:59  Overlord  
  85  6:01  Overlord  
  86  6:05  Overlord  
  86  6:08  Roach  
  88  6:11  Queen  
  88  6:15  Roach x4  
  98  6:19  Roach  
  98  6:23  Roach  
  104  6:25  Roach  
  104  6:26  Roach x2  
  104  6:27  Queen  
  104  6:31  Roach  
  112  6:36  Evolution Chamber  
  111  6:43  Overlord  
  111  6:50  Roach  
  111  6:52  Roach x2  
Show
View Real Time Build Order
Export as new Build Order

Elazer Zerg - Winner!

Build Orders: Hatch First 

Get SALT Encoding   

  12  0:00  Drone  
  13  0:12  Overlord  
  13  0:17  Drone  
  14  0:31  Drone x2  
  16  0:49  Hatchery  
  15  0:52  Drone  
  15  0:55  Drone  
  17  1:09  Spawning Pool  
  16  1:11  Drone  
  16  1:14  Drone  
  18  1:19  Extractor  
  18  1:20  Drone  
  18  1:27  Drone  
  19  1:39  Drone  
  20  1:49  Overlord  
  20  1:55  Queen  
  20  2:00  Queen  
  20  2:01  Drone x2  
  26  2:10  Drone  
  26  2:12  Drone  
  28  2:19  Metabolic Boost  
  28  2:22  Drone x2  
  30  2:31  Drone  
  30  2:33  Drone  
  32  2:42  Hatchery  
  31  2:44  Drone x2  
  31  2:48  Evolution Chamber  
  32  2:53  Overlord  
  32  2:54  Drone  
  33  3:02  Overlord  
  33  3:12  Drone x3  
  36  3:13  Zerg Melee Weapons Level 1  
  36  3:21  Drone x4  
  36  3:24  Overlord  
  40  3:34  Zergling x6  
  40  3:35  Zergling x2  
  40  3:40  Hatchery  
  43  3:43  Zergling x4  
  43  3:45  Zergling x2  
  43  3:47  Zergling x4  
  48  3:49  Zergling x2  
  49  3:56  Zergling x4  
  49  4:00  Overlord  
  51  4:08  Extractor, Roach Warren  
  51  4:09  Zergling x10  
  54  4:18  Zergling x8  
  58  4:24  Zergling x4  
  58  4:30  Overlord  
  60  4:33  Roach Warren  
  59  4:38  Drone  
  59  4:39  Drone x3  
  59  4:44  Overlord  
  60  4:48  Roach x3  
  60  4:52  Roach  
  65  4:58  Roach x2  
  69  5:01  Roach  
  69  5:03  Roach  
  69  5:06  Roach  
  75  5:10  Zergling x8  
  75  5:14  Overlord  
  78  5:16  Zergling x4  
  78  5:20  Zergling x4  
  82  5:24  Zergling x2  
  82  5:25  Zergling x4  
  82  5:27  Overlord  
  85  5:30  Ravager  
  85  5:31  Ravager  
  85  5:33  Ravager x2  
  89  5:37  Zergling x6  
  89  5:40  Zergling x4  
  89  5:42  Ravager  
  95  5:50  Zergling x12  
  95  5:54  Overlord  
  101  6:00  Zergling x4  
  101  6:01  Zergling x2  
  104  6:14  Ravager x2  
  104  6:15  Zergling x2  
  104  6:16  Zergling x10  
  105  6:51  Zergling x18  
  105  6:53  Zergling x12  
Tags
 
Add a new tag
Caveats
  • Supply blocks, unpowered buildings, or Contaminate may cause inaccurate times.
  • Supply counts are checked every 10 seconds.